 Dungeon Crawl Stone Soup version 0.18-a0-1196-g09327cf (webtiles) character file.

1231 Oddball22 the Cutter (level 8, -1/42 HPs)
             Began as a Vine Stalker Artificer on Jan 30, 2016.
             Was a Believer of Pakellas.
             Succumbed to poison (a potion of poison)
             ... on level 6 of the Dungeon.
             The game lasted 00:14:36 (5130 turns).

Oddball22 the Cutter (Vine Stalker Artificer)       Turns: 5130, Time: 00:14:37

Health: -1/42      AC:  5    Str: 14    XL:     8   Next: 48%
Magic:  9/11       EV: 19    Int: 12    God:    Pakellas [**....]
Gold:   290        SH:  0    Dex: 17    Spells: 0 memorised, 7 levels left

rFire  . . .     SeeInvis .     x - +2 dagger (venom)
rCold  . . .     Gourm    .     b - +0 leather armour
rNeg   . . .     Faith    .     (no shield)
rPois  .         Spirit   +     (no helmet)
rElec  .         Dismiss  .     D - +0 cloak
rCorr  .         Reflect  .     A - +0 pair of gloves
SustAt .         Harm     .     (no boots)
MR     +....                    (no amulet)
Stlth  ++........               E - +3 ring of evasion
                                s - +2 ring of evasion

@: lethally poisoned (-1 -> -12), somewhat resistant to hostile enchantments,
unstealthy
A: fangs 3, regeneration 2, magic shield, antimagic bite, no device heal 3, rot
immunity
a: Quick Charge, Renounce Religion


You were on level 6 of the Dungeon.
You worshipped Pakellas.
Pakellas was pleased with you.
You were not hungry.

You visited 2 branches of the dungeon, and saw 7 of its levels.

You collected 290 gold pieces.

Inventory:

Hand Weapons
 x - a +2 dagger of venom (weapon)
 Q - a +0 mace of protection
Armour
 b - a +0 leather armour (worn)
 A - a +0 pair of gloves (worn)
 C - a +0 buckler
 D - a +0 cloak (worn)
Jewellery
 s - a +2 ring of evasion (left hand)
 y - an uncursed ring of fire
 E - a +3 ring of evasion (right hand)
 H - an uncursed ring of positive energy
 I - an uncursed ring of protection from fire
 L - an uncursed ring of poison resistance
Wands
 c - a wand of flame (13/48)
 d - a wand of enslavement (13/24)
 e - a wand of random effects (12/48)
 N - a wand of confusion (19/48)
 R - a wand of disintegration (16/24)
Scrolls
 g - 5 scrolls of identify
 h - a scroll of noise {unknown}
 i - 3 scrolls of teleportation {unknown}
 j - 3 scrolls of remove curse
 k - a scroll of magic mapping {unknown}
 n - a scroll of fog {unknown}
 q - 2 scrolls of random uselessness {unknown}
 r - a scroll of enchant weapon {unknown}
 v - a scroll of enchant armour {unknown}
 z - 3 scrolls of recharging {unknown}
 F - 2 scrolls of fear {unknown}
 G - a scroll of amnesia {unknown}
 O - a scroll of blinking {unknown}
Potions
 a - a potion of brilliance {unknown}
 m - a potion of might {unknown}
 o - 2 potions of cancellation {unknown}
 p - 2 potions of heal wounds {unknown}
 u - a potion of haste {unknown}
 w - a potion of resistance {unknown}
 B - a potion of poison
 J - a potion of mutation {unknown}
 M - a potion of lignification {unknown}
 P - a potion of magic {unknown}
Comestibles
 f - 3 bread rations
 l - 2 slices of pizza
 t - 6 meat rations
 K - 31 chunks of flesh


   Skills:
 + Level 4.5 Fighting
 * Level 6.2 Short Blades
 + Level 4.4 Dodging
 - Level 1.2 Stealth
 - Level 2.6 Evocations


You had 7 spell levels left.
You didn't know any spells.

Dungeon Overview and Level Annotations

Branches:
Dungeon (6/15)             Temple (1/1) D:6

Altars:
Ashenzari
Cheibriados
Gozag
Kikubaaqudgha
Nemelex Xobeh
Okawaru
Pakellas
Ru
Sif Muna
Trog
Vehumet
Xom
Yredelemnul
Zin
The Shining One


Innate Abilities, Weirdness & Mutations

You have razor-sharp teeth.
You heal very quickly.
When hurt, damage is shared between your health and your magic reserves.
Your bite disrupts and absorbs the magic of your enemies.
Potions and wands cannot restore your health.
You are immune to rotting.


Message History

* * * LOW HITPOINT WARNING * * *
You feel sick.
Evoke which item? (* to show all) (? for menu, Esc to quit)
Zapping:
d - a wand of enslavement (14/24)
Press: ? - help, Shift-Dir - straight line, f - gnoll
Aim: a gnoll, wielding a spear (chance to defeat MR: 60%)
The gnoll is charmed.
This wand has 13 charges left.
* * * LOW HITPOINT WARNING * * *
You feel sick.
R - a wand of disintegration (16/24)
* * * LOW HITPOINT WARNING * * *
You feel sick.
* * * LOW HITPOINT WARNING * * *
You feel sick.
* * * LOW HITPOINT WARNING * * *
You feel sick.
Drink which item? (? for menu, Esc to quit)
It was a potion of poison.
That liquid tasted very nasty...
You are more poisoned.
You die...

##.#####..#.#####
#..#.(#'##.#
+..#..#..#.+
##.##'#..#.###+##
+....####..#...#
#..........#...#
####'##..####...#
#..)..#..)..#)).#
#..#..####..#)g@# #
#..##'#..#.(#)###.#
####.....####..g..#
..............o...g##.
###.####..............
#......####.#.....).
######.# #.########
#.# #.# #.# #.#


You could see a friendly gnoll.

Vanquished Creatures
  An ogre (D:5)
  2 centaurs (D:5)
  2 giant frogs
  A gnoll sergeant (D:6)
  2 scorpions
  2 crimson imps
  A jelly (D:5)
  2 orc priests
  A hound (D:5)
  3 orc wizards
  Terence (D:3)
  4 worker ants
  3 hound skeletons (D:5)
  7 adders
  5 gnolls (D:6)
  A shadow imp (D:6)
  2 oozes
  3 worms
  A giant gecko (D:3)
  15 orcs
  A ball python (D:1)
  3 giant cockroaches
  15 goblins
  18 hobgoblins
  14 jackals
  12 kobolds
  A quokka (D:3)
  8 bats
  6 giant newts
  6 rats
143 creatures vanquished.

Notes
Turn   | Place    | Note
--------------------------------------------------------------
     0 | D:1      | Oddball22 the Vine Stalker Artificer began the quest for the Orb.
     0 | D:1      | Reached XP level 1. HP: 9/9 MP: 3/3
    19 | D:1      | Reached skill level 1 in Short Blades
    50 | D:1      | Reached skill level 1 in Fighting
    75 | D:1      | Reached XP level 2. HP: 7/14 MP: 1/5
   558 | D:1      | Reached XP level 3. HP: 12/18 MP: 6/6
  1194 | D:2      | Found a shattered altar of Ashenzari.
  1299 | D:2      | Found a faded altar to an unknown god.
  1916 | D:3      | Reached XP level 4. HP: 21/23 MP: 7/7
  2424 | D:3      | Found a bloodstained altar of Trog.
  2428 | D:3      | Found a radiant altar of Vehumet.
  2457 | D:3      | Noticed Terence
  2523 | D:3      | Found a basalt altar of Yredelemnul.
  2716 | D:4      | Reached skill level 3 in Short Blades
  2716 | D:4      | Reached XP level 5. HP: 12/27 MP: 4/8
  2988 | D:3      | Found an ancient bone altar of Kikubaaqudgha.
  2996 | D:3      | Killed Terence
  3062 | D:4      | Gained mutation: You heal very quickly. [Vine Stalker growth]
  3062 | D:4      | Reached XP level 6. HP: 18/32 MP: 9/9
  3238 | D:4      | Found an opulent altar of Gozag.
  3475 | D:4      | Reached skill level 4 in Short Blades
  3492 | D:5      | Entered Level 5 of the Dungeon
  3521 | D:5      | Found a shimmering altar of Xom.
  3905 | D:5      | Reached XP level 7. HP: 32/36 MP: 8/10
  4298 | D:5      | Reached skill level 5 in Short Blades
  4480 | D:5      | Gained mutation: You have razor-sharp teeth. [Vine Stalker growth]
  4480 | D:5      | Reached XP level 8. HP: 34/42 MP: 9/11
  4704 | D:6      | Found a staircase to the Ecumenical Temple.
  4719 | Temple   | Entered the Ecumenical Temple
  4726 | Temple   | Became a worshipper of Pakellas the Inventive
  4758 | D:6      | Reached skill level 6 in Short Blades
  4942 | D:6      | Reached * piety under Pakellas
  5116 | D:6      | Reached ** piety under Pakellas
  5116 | D:6      | Received a gift from Pakellas
  5125 | D:6      | HP: 2/42 [poisoned by an orc wizard]
  5130 | D:6      | Succumbed to poison (a potion of poison)

Vault maps used:
D:1:      evilmike_arrival_hilbert_curve, grunt_decor_clamped,
          supply_closet_lemuel, serial_bayou_lagoon_a, st_stairs_11
D:2:      marbit_many_paths, ecumenical_altar_2
D:3:      nicolae_overflow_hidden_temple, bloody_trog, uniq_terence
D:4:      wad_pebble_path, overflow_temple_1_default
D:5:      kennysheep_six_static_rooms, old_standard_altar, first_bread,
          chequers_ossuary_entry_cave
D:6:      corexii_shantytown, minmay_temple_entry_butterflies
Temple:   temple_eino_lava_8

Action                   |  1- 3 |  4- 6 |  7- 9 || total
-------------------------+-------+-------+-------++-------
Melee: Short sword       |   183 |   166 |       ||   349
       Dagger            |       |    60 |   226 ||   286
Evoke: Wand              |       |     5 |     2 ||     7
  Use: Scroll            |       |     2 |       ||     2
       Potion            |       |       |     1 ||     1
 Stab: Sleeping          |     1 |     2 |     2 ||     5
  Eat: Chunk             |     3 |     6 |     5 ||    14
